 Dungeon Crawl Stone Soup version 0.30-a0-166-g5d06c95188 (webtiles) character file.

Game seed: 11649661071159203140

49 Malachi the Ruffian (level 3, 0/35 HPs)
             Began as a Troll Gladiator on Sept 29, 2022.
             Succumbed to a kobold's poison
             ... on level 3 of the Dungeon.
             The game lasted 00:01:19 (1188 turns).

Malachi the Ruffian (Troll Gladiator)               Turns: 1188, Time: 00:01:20

Health: 0/35       AC:  5    Str: 24    XL:     3   Next: 53%
Magic:  2/2        EV: 10    Int:  4    God:
Gold:   108        SH:  0    Dex: 11    Spells: 2/2 levels left

rFire   . . .      SeeInvis .      - Unarmed
rCold   . . .      Faith    .    (no shield)
rNeg    . . .      Spirit   .    a - +0 robe
rPois   .          Reflect  .    b - +0 hat
rElec   .          Harm     .    l - +0 cloak
rCorr   .          Rampage  .    (gloves unavailable)
Will    .....                    (boots unavailable)
Stlth   +.........               (no amulet)
HPRegen 0.91/turn                (no ring)
MPRegen 0.08/turn                (no ring)

@: lethally poisoned (0 -> -10)
A: large, unfitting armour, claws 3, regeneration 1, shaggy fur 1, tough skin 1
a: no special abilities


You were on level 3 of the Dungeon.
You visited 1 branch of the dungeon, and saw 3 of its levels.

You collected 108 gold pieces.

Inventory:

Missiles
 c - 3 throwing nets (quivered)
 d - a large rock
Armour
 a - a +0 robe (worn)
 b - a +0 hat (worn)
 l - a +0 cloak (worn)
Scrolls
 e - 3 scrolls of teleportation {unknown}
 f - 3 scrolls of poison {unknown}
 g - a scroll of enchant weapon {unknown}
 h - a scroll of identify {unknown}
 i - a scroll of magic mapping {unknown}
 j - 2 scrolls of fear {unknown}
 m - 2 scrolls of vulnerability {unknown}
 q - a scroll of blinking {unknown}
Potions
 k - a potion of berserk rage {unknown}
 n - a potion of flight {unknown}
 o - a potion of heal wounds {unknown}
 p - a potion of mutation {unknown}
 r - a potion of degeneration {unknown}


   Skills:
 - Level 1.7 Fighting
 - Level 1.9 Throwing
 - Level 2.5 Dodging
 + Level 4.3 Unarmed Combat


You had 2 spell levels left.
You didn't know any spells.
Your spell library contained the following spells:

 Spells                   Type           Power      Damage    Failure   Level
 Summon Forest            Summ/Tloc      0%         N/A       100%        5
 Summon Mana Viper        Hex/Summ       0%         N/A       100%        5
 Summon Cactus Giant      Summ           0%         N/A       100%        6


Dungeon Overview and Level Annotations

Branches:
Dungeon (3/15)

Altars:

Shops:
D:1 (


Innate Abilities, Weirdness & Mutations

You are too large for most types of armour.
You have claws for hands.
Your natural rate of healing is unusually fast.
You are covered in fur. (AC +1)
You have tough skin. (AC +1)


Message History

You feel very sick. The kobold closely misses you.
You barely miss the kobold.
You feel very sick. The kobold closely misses you.
You scratch the kobold.
The kobold is severely wounded.
You feel very sick.
The kobold hits you with a +1 whip of venom.
You are more poisoned.
You closely miss the kobold.
The kobold is severely wounded.
You feel very sick. The kobold closely misses you.
You are too injured to fight recklessly!
You are too injured to fight recklessly!
You are too injured to fight recklessly!
You are too injured to fight recklessly!
You are too injured to fight recklessly!
You are too injured to fight recklessly!
A kobold is nearby!
A kobold is nearby!
You closely miss the kobold.
The kobold is severely wounded.
You feel very sick.
The kobold hits you with a +1 whip of venom.
You are lethally poisoned!
You barely miss the kobold.
The kobold is severely wounded.
* * * LOW HITPOINT WARNING * * *
You feel very sick. The kobold closely misses you.
You barely miss the kobold.
The kobold is severely wounded.
* * * LOW HITPOINT WARNING * * *
You feel very sick. The kobold closely misses you.
You claw the kobold!
You kill the kobold!
You die...

#.###.#.##...#..#..#
......#.#...#..#..# .#
.†.####....#..#..#..#.
#..# ####............
#..# #####.######.
#.... ##'## ##.###
##...## #.# ##.....##
...# #.....@.# ###.
#.......).# . .
+.........+ #
#.........#
##.......## ##.....##
##...## ##+#


There were no monsters in sight!

Vanquished Creatures
  A worm (D:2)
  2 dart slugs
  4 endoplasms
  3 giant cockroaches (D:1)
  3 goblins (D:1)
  4 hobgoblins
  2 quokkas (D:2)
  5 ball pythons
  6 bats
  5 frilled lizards
  4 kobolds
  3 rats
42 creatures vanquished.

Notes
Turn   | Place    | Note
-------+----------+-------------------------------------------
     0 | D:1      | Malachi the Troll Gladiator began the quest for the Orb.
     0 | D:1      | Reached XP level 1. HP: 19/19 MP: 0/0
    18 | D:1      | Found a faded altar of an unknown god.
   108 | D:1      | Reached XP level 2. HP: 28/28 MP: 1/1
   187 | D:1      | Found Putimos's Antique Weapon Shoppe.
   502 | D:2      | Reached XP level 3. HP: 35/35 MP: 2/2
   587 | D:2      | Reached skill level 4 in Unarmed Combat
  1188 | D:3      | Succumbed to a kobold's poison

Illustrated notes

Levels and vault maps discovered:
D:1:      dreamdust_arrival_beginning_and_end, layout_rooms, serial_shops,
          shop_fountains, shapermc_ecumenical_altar_notcrosses,
          minmay_pentomino_q4
D:2:      layout_basic, minmay_split_cup_large
D:3:      layout_loops_corners, minmay_misc_feat_diagonals, uniq_jessica

Skill      XL: |  1  2  3 |
---------------+----------+-----
Unarmed Combat | 4 |  4.3
Fighting       | |  1.7
Throwing       | |  1.9
Dodging        | |  2.5

Action                   || total
-------------------------++-------
Melee: Unarmed           ||    93
       Punch             ||     1
 Stab: Sleeping          ||     1
Armor: Robe              ||    26
Dodge: Dodged            ||    44

Table legend: (Time is in decaauts)
 A = Elapsed time spent in this place.
 B = Non-inter-level travel time spent in this place.
 C = Inter-level travel time spent in this place.
 D = Time resting spent in this place.
 E = Time spent auto-exploring this place.
 F = Levels seen in this place.
 G = Mean time per level.
                   A        B        C        D        E       F      G
               +--------+--------+--------+--------+--------+-----+--------+
         Total |   1180 |   1152 |     28 |      0 |    913 |   3 |  393.3 |
       Dungeon |   1180 |   1152 |     28 |      0 |    913 |   3 |  393.3 |
               +--------+--------+--------+--------+--------+-----+--------+

Top non-repeatable levels by time:
     D:2: 656 daAuts
     D:1: 449 daAuts
     D:3: 75 daAuts
